 Dungeon Crawl Stone Soup version 0.16-a0-2876-g1f3fc7e (webtiles) character file.

3661 monstruo the Basher (level 9, -1/70 HPs)
             Began as a Minotaur Berserker on Nov 30, 2014.
             Was a High Priest of Trog.
             Slain by a red ugly thing (12 damage)
             ... on level 9 of the Dungeon.
             The game lasted 00:42:26 (7892 turns).

monstruo the Basher (Minotaur Berserker)            Turns: 7892, Time: 00:42:28

Health: -1/70      AC: 18    Str: 21    XL:     9   Next: 89%
Magic:  4/4        EV:  2    Int:  4    God:    Trog [*****.]
Gold:   380        SH: 10    Dex: 14    Spells: 0 memorised, 8 levels left

rFire  . . .     SeeInvis .     Y - +6 broad axe "Lismeoro" {holy, rElec}
rCold  . . .     Clarity  .     p - +0 plate armour
rNeg   . . .     SustAb   .     K - +3 shield {AC+3}
rPois  .         Gourm    .     (helmet restricted)
rElec  +         Spirit   .     T - +0 cloak
rCorr  .         Warding  .     Q - +2 pair of gloves
rMut   .         Stasis   +     (no boots)
MR     .....                    D - amulet of stasis
Stlth  ..........               (no ring)
                                (no ring)

@: not resistant to hostile enchantments, extremely unstealthy
A: retaliatory headbutt, horns 2
a: Burn Spellbooks, Berserk, Trog's Hand, Brothers in Arms, Renounce Religion


You were on level 9 of the Dungeon.
You worshipped Trog.
Trog was extremely pleased with you.
You were not hungry.

You visited 2 branches of the dungeon, and saw 11 of its levels.

You collected 490 gold pieces.
You spent 110 gold pieces at shops.

Inventory:

Hand weapons
 h - a +0 whip of flaming
 S - a +3 quarterstaff of chaos
 Y - the +6 broad axe "Lismeoro" (weapon) {holy, rElec}
   (Trog gifted it to you on level 7 of the Dungeon)

   It has been blessed by the Shining One to cause great damage to the undead
   and demons.
   It insulates you from electricity.
Missiles
 k - 175 stones (quivered)
Armour
 a - a +0 shield
 p - a +0 plate armour (worn)
 K - a +3 shield of protection (worn)
 Q - a +2 pair of gloves (worn)
 T - a +0 cloak (worn)
Jewellery
 C - an uncursed amulet of guardian spirit
 D - an amulet of stasis (around neck)
Magical devices
 w - a wand of heal wounds (2)
 y - a wand of digging (8)
 A - a wand of random effects (43)
 J - a wand of lightning (4)
 M - a wand of magic darts (11)
 N - a wand of magic darts (17)
 R - a wand of magic darts (5)
 W - a wand of cold (7)
Scrolls
 b - 3 scrolls of fear {unknown}
 i - 3 scrolls of identify
 l - 4 scrolls of immolation {unknown}
 m - 6 scrolls of remove curse
 q - 2 scrolls of random uselessness {unknown}
 s - 3 scrolls of recharging {unknown}
 t - 4 scrolls of fog {unknown}
 u - a scroll of blinking {unknown}
 x - 3 scrolls of teleportation {unknown}
 B - a scroll of enchant weapon {unknown}
 F - 6 scrolls of enchant armour
 V - a scroll of silence {unknown}
 Z - a scroll of noise {unknown}
Potions
 d - 5 potions of curing
 e - a potion of brilliance {unknown}
 f - a potion of confusion {unknown}
 j - 4 potions of restore abilities
 n - a potion of invisibility {unknown}
 r - a potion of degeneration {unknown}
 v - 3 potions of lignification {unknown}
 z - 2 potions of might {unknown}
 G - 2 potions of agility {unknown}
 H - a potion of flight {unknown}
 I - a potion of mutation {unknown}
 L - 4 potions of heal wounds
 O - 3 potions of haste {unknown}
 X - a potion of resistance {unknown}
Comestibles
 c - 4 bread rations
 g - 3 slices of pizza
 o - 5 meat rations
 E - 5 fruits
 P - 9 royal jellies
 U - 6 beef jerkies


   Skills:
 - Level 3.6 Fighting
 + Level 9.2(12.1) Axes
 - Level 12.6(14.1) Maces & Flails
 - Level 6.6(10.5) Staves
 - Level 2.4 Armour
 - Level 2.1 Dodging


You had 8 spell levels left.
You didn't know any spells.

Dungeon Overview and Level Annotations

Branches:
Dungeon (10/15)            Temple (1/1) D:7
   Lair: D:8-11         Orc: D:9-12

Altars:
Elyvilon
Fedhas
Nemelex Xobeh
Zin
The Shining One

Shops:
D:6 !   D:8 *


Innate Abilities, Weirdness & Mutations

You reflexively headbutt those who attack you in melee.
You have a pair of horns on your head.


Message History

The red ugly thing is heavily wounded.
The red ugly thing kicks you.
You are engulfed in flames!!
* * * LOW HITPOINT WARNING * * *
Use which ability? (? or * to list)
You cannot go berserk while under stasis.
Drink which item? (? for menu, Esc to quit)
You feel better. You block the red ugly thing's attack.
Use which ability? (? or * to list)
You cannot go berserk while under stasis.
Use which ability? (? or * to list) Use which ability? (? or * to list) Use which ability? (? or * to list)
Okay, then.
You closely miss the red ugly thing.
Your headbutt misses the red ugly thing.
The red ugly thing is heavily wounded.
The red ugly thing kicks you.
* * * LOW HITPOINT WARNING * * *
You are engulfed in flames!
You die...

#....'..# ##.####
#....#### #.# #....# #.#
###.## #.### ###...####
#...# .........#
####.#####
.........######........#
........)....##........#
.........###....@......#
.........#
####u.........
.........# #........#
.........# ##########
##########


You could see a red ugly thing.

Vanquished Creatures
  Grinder (D:6)
  A hippogriff (D:8)
  Edmund (D:6)
  A soldier ant (D:8)
  3 ogres
  A boring beetle (D:8)
  An orc warrior (D:7)
  An ice beast (D:9)
  A sky beast (D:6)
  A crocodile (D:8)
  Duvessa (D:6)
  A brain worm (D:8)
  2 giant frogs
  4 scorpions
  5 wights (D:7)
  8 killer bees
  A quasit (D:7)
  Dowan (D:6)
  5 crimson imps
  2 goliath beetles
  A giant frog zombie (D:9)
  4 orc wizards
  Crazy Yiuf (D:6)
  A gnoll shaman (D:7)
  3 giant frog skeletons
  8 orc priests
  3 hounds (D:8)
  2 iguanas
  2 worker ants
  Ijyb (D:2)
  A hound zombie (D:8)
  4 gnolls (D:7)
  12 adders
  3 shadow imps
  A giant mite (D:5)
  A worm (D:3)
  An adder skeleton (D:8)
  6 giant geckos
  25 orcs
  2 ball pythons
  3 bat skeletons
  A bat zombie (D:7)
  9 giant cockroaches
  15 hobgoblins
  6 jackals
  19 kobolds
  2 oozes (D:2)
  7 quokkas
  14 bats
  4 giant newts
  11 goblins
  A jackal skeleton (D:4)
  A quokka skeleton (D:9)
  2 rats
  4 fungi
223 creatures vanquished.

Notes
Turn   | Place    | Note
--------------------------------------------------------------
     0 | D:1      | monstruo, the Minotaur Berserker, began the quest for the Orb.
     0 | D:1      | Reached XP level 1. HP: 19/19 MP: 1/1
    57 | D:1      | Reached skill level 4 in Maces & Flails
   131 | D:1      | Reached XP level 2. HP: 17/26 MP: 1/1
   343 | D:1      | Acquired Trog's second power
   476 | D:1      | Reached skill level 5 in Maces & Flails
   808 | D:2      | Reached XP level 3. HP: 31/31 MP: 2/2
  1196 | D:2      | Reached XP level 4. HP: 39/39 MP: 2/2
  1324 | D:2      | Noticed Ijyb
  1339 | D:2      | Killed Ijyb
  1339 | D:2      | Reached skill level 6 in Maces & Flails
  1516 | D:3      | Reached skill level 7 in Maces & Flails
  1516 | D:3      | Reached XP level 5. HP: 39/45 MP: 2/2
  1634 | D:3      | Acquired Trog's third power
  1775 | D:3      | Received a gift from Trog
  2212 | D:5      | Entered Level 5 of the Dungeon
  2232 | D:4      | Reached skill level 8 in Maces & Flails
  2854 | D:4      | Reached XP level 6. HP: 34/51 MP: 3/3
  3636 | D:5      | Reached skill level 9 in Maces & Flails
  3834 | D:5      | Noticed an ogre
  3850 | D:5      | Killed an ogre
  3850 | D:5      | Reached XP level 7. HP: 51/57 MP: 3/3
  4304 | D:6      | Noticed Grinder
  4309 | D:6      | Paralysed by Grinder for 2 turns
  4312 | D:6      | Killed Grinder
  4312 | D:6      | Reached skill level 10 in Maces & Flails
  4367 | D:6      | Reached skill level 11 in Maces & Flails
  4533 | D:6      | Noticed Edmund
  4541 | D:6      | Killed Edmund
  4574 | D:6      | Reached XP level 8. HP: 43/64 MP: 2/3
  4917 | D:6      | Reached skill level 12 in Maces & Flails
  4935 | D:6      | Received a gift from Trog
  4970 | D:6      | Noticed Dowan
  4971 | D:6      | Noticed Duvessa
  5113 | D:6      | Killed Duvessa
  5122 | D:6      | Killed Dowan
  5138 | D:6      | Got a warped plate armour
  5139 | D:6      | Identified the cursed -3 plate armour "Psitiodgh" {SInv} (You found it on level 6 of the Dungeon)
  5140 | D:6      | Found Zaczaxiu's Distillery.
  5164 | D:6      | Bought a potion of heal wounds for 50 gold pieces
  5164 | D:6      | Bought a potion of poison for 10 gold pieces
  5164 | D:6      | Bought a potion of restore abilities for 50 gold pieces
  5285 | D:6      | Noticed Crazy Yiuf
  5288 | D:6      | Killed Crazy Yiuf
  5443 | D:6      | Received a gift from Trog
  5859 | D:7      | Reached skill level 5 in Staves
  5960 | D:7      | Reached XP level 9. HP: 67/70 MP: 4/4
  6043 | D:7      | Received a gift from Trog
  6046 | D:7      | Got a jewelled broad axe {god gift}
  6051 | D:7      | Identified the +6 broad axe "Lismeoro" {holy, rElec} (Trog gifted it to you on level 7 of the Dungeon)
  6081 | D:7      | Reached skill level 1 in Axes
  6188 | D:7      | Found a staircase to the Ecumenical Temple.
  6217 | Temple   | Entered the Ecumenical Temple
  6560 | D:8      | Found Thiex's Assorted Antiques.
  6703 | D:8      | Reached skill level 5 in Axes
  7304 | D:8      | Found a blossoming altar of Fedhas.
  7564 | D:10     | Entered Level 10 of the Dungeon
  7883 | D:9      | Noticed a red ugly thing
  7892 | D:9      | Slain by a red ugly thing

Action                   |  1- 3 |  4- 6 |  7- 9 || total
-------------------------+-------+-------+-------++-------
Melee: Mace              |    98 |    55 |       ||   153
       Whip              |       |   139 |       ||   139
       Flail             |       |     4 |   124 ||   128
       Quarterstaff      |       |       |    91 ||    91
       Broad axe         |       |       |   145 ||   145
Throw: Stone             |     6 |    22 |    12 ||    40
Invok: Burn Spellbooks   |     1 |     1 |     2 ||     4
       Berserk           |       |     2 |     3 ||     5
  Use: Scroll            |       |     2 |     6 ||     8
       Potion            |       |       |     3 ||     3
 Stab: Confused          |       |       |     1 ||     1
  Eat: Chunk             |     1 |     7 |     7 ||    15
       Fruit             |       |     2 |       ||     2
       Bread ration      |       |     1 |       ||     1
       Meat ration       |       |       |     1 ||     1
       Pizza             |       |       |     1 ||     1
